 Dungeon Crawl Stone Soup version 0.23.1-38-g628c18f (console) character file.

Game seed: 8128443242689001061

82 fly the Covered (level 4, -1/42 HPs)
             Began as a Tengu Fighter on Mar 28, 2019.
             Slain by Sigmund
             ... wielding a +0 scythe
              (8 damage)
             ... on level 3 of the Dungeon.
             The game lasted 00:01:54 (1180 turns).

fly the Covered (Tengu Fighter)                     Turns: 1180, Time: 00:01:55

Health: -1/42      AC:  7    Str: 21    XL:     4   Next: 43%
Magic:  5/5        EV:  7    Int:  8    God:
Gold:   121        SH:  0    Dex: 15    Spells: 3/3 levels left

rFire    . . .     SeeInvis +   a - +0 long sword
rCold    . . .     Gourm    .   v - +0 shield
rNeg     . . .     Faith    .   y - +0 scale mail
rPois    .         Spirit   .   (helmet restricted)
rElec    .         Reflect  .   (no cloak)
rCorr    .         Harm     .   (no gloves)
MR       .....                  (boots unavailable)
Stlth    ..........             o - amulet of rage
HPRegen  0.14/turn              e - ring of attention (curse)
MPRegen  0.09/turn              j - ring of see invisible

@: confused, berserking (expiring), very quick
A: beak, talons 3
a: Evoke Berserk Rage


You were on level 3 of the Dungeon.
You were hungry.

You visited 1 branch of the dungeon, and saw 3 of its levels.

You collected 121 gold pieces.

Inventory:

Hand Weapons
 a - a +0 long sword (weapon)
Armour
 v - a +0 shield (worn)
 y - a +0 scale mail (worn)
Jewellery
 c - an uncursed ring of protection from magic
 e - a cursed ring of attention (left hand)
 j - a ring of see invisible (right hand)
 o - an amulet of rage (around neck)
Wands
 n - a wand of random effects (41)
Scrolls
 b - 2 scrolls of enchant weapon {unknown}
 g - a scroll of magic mapping {unknown}
 h - a scroll of remove curse {unknown}
 k - a scroll of enchant armour {unknown}
 l - a scroll of teleportation {unknown}
Potions
 d - 3 potions of might
 i - a potion of resistance {unknown}
 m - a potion of curing {unknown}
 p - a potion of degeneration {unknown}
Comestibles
 f - 4 rations
 q - a chunk of flesh


   Skills:
 - Level 3.0 Fighting
 + Level 3.8 Long Blades
 + Level 4.6 Armour
 - Level 3.0 Shields


You had 3 spell levels left.
You didn't know any spells.
Your spell library was empty.

Dungeon Overview and Level Annotations

Branches:
Dungeon (3/15)

Altars:
Gozag
Kikubaaqudgha
Yredelemnul

Annotations:
D:3 Sigmund


Innate Abilities, Weirdness & Mutations

You have a beak for a mouth.
You have claws for feet.


Message History

a cursed -2 club; a goblin corpse You fail to use your ability.
Sigmund barely misses you.
You riposte.
You hit Sigmund. Your peck misses Sigmund.
Sigmund is lightly wounded.
A red film seems to cover your vision as you go berserk!
You feel yourself moving faster!
You feel mighty!
You are feeling hungry.
Sigmund points at you and mumbles some strange words.
You are confused.
Your shield and scale mail prevent you from hitting Sigmund.
You claw Sigmund!
Sigmund is heavily wounded.
Sigmund hits you with a +0 scythe!
You bump into the rock wall.
You feel a strong urge to attack something.
Sigmund hits you from afar with a +0 scythe!
* * * LOW HITPOINT WARNING * * *
You're too confused to move!
Sigmund hits you from afar with a +0 scythe!
You die...

##### #........#
.....###........#
...............%
##.....รท# #.._8_..##
#..._....# ##.##
#@.......#### #...#
#.#.##........# #<..#
#....@)@#..##.# #...#
......###.#...#.#####...##
..... #.#.#.#.#.........
.... #.#...............
... #.##.##[#......... ..
#.....<.#####.^>## #
#.......# #..### #.......#
#..#.. #.......# #..#.8


You could see Sigmund (invisible).

Vanquished Creatures
  Natasha (D:2)
  2 adders (D:2)
  An ooze (D:2)
  A worm (D:3)
  A dart slug (D:1)
  A leopard gecko (D:1)
  2 bats
  2 giant cockroaches
  4 goblins
  2 hobgoblins (D:2)
  3 jackals (D:1)
  A quokka (D:2)
  2 ball pythons
  2 frilled lizards
  4 kobolds
  3 rats
32 creatures vanquished.

Notes
Turn   | Place    | Note
-------+----------+-------------------------------------------
     0 | D:1      | fly the Tengu Fighter began the quest for the Orb.
     0 | D:1      | Reached XP level 1. HP: 14/14 MP: 2/2
   186 | D:1      | Reached XP level 2. HP: 19/19 MP: 3/3
   625 | D:2      | Reached XP level 3. HP: 21/23 MP: 4/4
   709 | D:2      | Reached skill level 4 in Armour
   878 | D:2      | Noticed Natasha
   884 | D:2      | Killed Natasha
   884 | D:2      | Reached XP level 4. HP: 28/28 MP: 5/5
  1136 | D:3      | Found an ancient bone altar of Kikubaaqudgha.
  1137 | D:3      | Found a basalt altar of Yredelemnul.
  1137 | D:3      | Found an opulent altar of Gozag.
  1156 | D:3      | Noticed Sigmund
  1180 | D:3      | Slain by Sigmund

Skill      XL: |  1  2  3 |
---------------+----------+-----
Long Blades    | 3 |  3.8
Armour         | 4 |  4.6
Fighting       | |  3.0
Shields        | |  3.0

Action                   |  1- 3 |  4- 6 || total
-------------------------+-------+-------++-------
Melee: Long sword        |    67 |    14 ||    81
       Kick              |    20 |     6 ||    26
       Peck              |     6 |     3 ||     9
 Abil: Evoke Berserk Rag |       |     1 ||     1
  Eat: Chunk             |       |     1 ||     1
Armor: Scale mail        |    28 |     2 ||    30
Dodge: Dodged            |    14 |     7 ||    21
Block: Shield            |    33 |    11 ||    44
       Rpst.: Long sword |     3 |     3 ||     6
